 Dungeon Crawl Stone Soup version 0.20-a0-1058-g0491fde (webtiles) character file.

179 alfred1011 the Sneak (level 5, 0/34 HPs)
             Began as a Halfling Assassin on Apr 26, 2017.
             Slain by an ogre
             ... wielding a +0 giant club
              (15 damage)
             ... on level 4 of the Dungeon.
             The game lasted 00:12:40 (2910 turns).

alfred1011 the Sneak (Halfling Assassin)            Turns: 2910, Time: 00:12:41

Health: 0/34       AC: 13    Str: 12    XL:     5   Next: 90%
Magic:  5/5        EV:  4    Int:  9    God:
Gold:   97         SH:  5    Dex: 17    Spells: 4/4 levels left

rFire    . . .     SeeInvis .   a - +3 dagger
rCold    . . .     Gourm    .   k - +0 buckler
rNeg     . . .     Faith    .   u - +0 plate armour (curse)
rPois    .         Spirit   .   (no helmet)
rElec    .         Reflect  .   d - +0 cloak
rCorr    .         Harm     .   (no gloves)
MR       .....                  s - +1 pair of boots
Stlth    ..........             (no amulet)
Regen    0.2/turn               m - ring of stealth
MPRegen  0.1/turn               (no ring)

@: no status effects
A: mutation resistance 1
a: no special abilities


You were on level 4 of the Dungeon.
You were not hungry.

You visited 1 branch of the dungeon, and saw 4 of its levels.

You collected 97 gold pieces.

Inventory:

Hand Weapons
 a - a +3 dagger (weapon)
 b - a +0 blowgun
Missiles
 e - 7 poisoned needles
 f - 2 curare-tipped needles
 i - 161 stones (quivered)
Armour
 c - a +0 robe
 d - a +0 cloak (worn)
 k - a +0 buckler (worn)
 s - a +1 pair of boots (worn)
 u - a cursed +0 plate armour (worn)
Jewellery
 m - a ring of stealth (left hand)
Wands
 l - a wand of disintegration (3/24)
 p - a wand of flame (34/48)
 v - a wand of enslavement (14/24)
Scrolls
 h - 3 scrolls of identify
 o - a scroll of enchant armour
 q - a scroll of remove curse
Comestibles
 g - 3 bread rations
 j - 2 fruits
 n - 2 meat rations
 r - 2 royal jellies


   Skills:
 + Level 2.2 Fighting
 * Level 3.6 Short Blades
 * Level 3.0 Throwing
 * Level 2.6 Dodging
 * Level 5.4 Stealth
 + Level 0.7 Shields


You had 4 spell levels left.
You didn't know any spells.

Dungeon Overview and Level Annotations

Branches:
Dungeon (4/15)
 Temple: D:4-7

Altars:

Annotations:
D:2 Robin


Innate Abilities, Weirdness & Mutations

You are small and have problems with some larger weapons.
You are somewhat resistant to further mutation.


Message History

You block the ogre's attack.
You barely miss the ogre. The ogre hits you with a giant club.
You hit the ogre.
The ogre is lightly wounded.
You hit the ogre.
The ogre is lightly wounded.
The orc hits you but does no damage. The ogre hits you with a giant club!
You hit the ogre.
The ogre is moderately wounded.
The orc hits you but does no damage. The ogre barely misses you.
The orc hits you but does no damage. You block the orc's attack.
You hit the ogre.
The ogre is moderately wounded.
The ogre hits you with a giant club!
You hit the ogre.
The ogre is moderately wounded.
The ogre hits you with a giant club!
You die...

....... ...... .....
#?..# #...# . #...# O.
#.).# #. #..o########
#.########...oO@....#
#............o#####.#
##........##...#####.#
...)......#....†..##.#
#.........#..##.##.##
#....(.......##.....#
#.......##.#........#
#............######.#
###...####.### #.#


You could see an ogre and 3 orcs.

Vanquished Creatures
  Ijyb (D:3)
  8 adders
  4 oozes
  A dart slug (D:3)
  2 leopard geckos (D:4)
  An orc (D:4)
  3 ball pythons
  A giant cockroach (D:1)
  14 goblins
  7 hobgoblins
  4 kobolds
  7 bats
  4 frilled lizards
  7 rats
64 creatures vanquished.

Notes
Turn   | Place    | Note
-------+----------+-------------------------------------------
     0 | D:1      | alfred1011 the Halfling Assassin began the quest for the Orb.
     0 | D:1      | Reached XP level 1. HP: 14/14 MP: 1/1
   126 | D:1      | Reached XP level 2. HP: 17/19 MP: 2/2
   266 | D:1      | Reached XP level 3. HP: 24/24 MP: 3/3
  1164 | D:2      | Reached skill level 5 in Stealth
  1164 | D:2      | Reached XP level 4. HP: 29/29 MP: 4/4
  1249 | D:2      | Noticed Robin
  1644 | D:3      | Reached XP level 5. HP: 22/34 MP: 5/5
  2349 | D:3      | Noticed Ijyb
  2373 | D:3      | Killed Ijyb
  2886 | D:4      | Noticed an ogre
  2910 | D:4      | Slain by an ogre

Vault maps used:
D:1:      onia_arrival_handbag
D:2:      first_bread, grunt_ministairs_2, uniq_robin
D:3:      uniq_ijyb
D:4:      tso_metal_star, uniq_sigmund

Skill      XL: |  1  2  3  4  5 |
---------------+----------------+-----
Fighting       | 2 |  2.2
Short Blades   | 3 |  3.6
Stealth        | 5 |  5.4
Dodging        | 2 |  2.6
Throwing       | 3 |  3.0
Shields        | |  0.7

Action                   |  1- 3 |  4- 6 || total
-------------------------+-------+-------++-------
Melee: Dagger            |    89 |   174 ||   263
 Fire: Blowgun           |     4 |       ||     4
  Use: Scroll            |     1 |     7 ||     8
       Potion            |       |     4 ||     4
 Stab: Sleeping          |     9 |     2 ||    11
  Eat: Chunk             |       |     4 ||     4
       Bread ration      |       |     1 ||     1
Armor: Robe              |    12 |    18 ||    30
       Plate armour      |       |    80 ||    80
       Skin              |       |     4 ||     4
Dodge: Dodged            |    85 |    75 ||   160
Block: Buckler           |     8 |    37 ||    45
